 Dungeon Crawl Stone Soup version 0.31-b1-17-gcfd88c8481 (webtiles) character file.

Game seed: 4244120056296609929

2643 Strat the Cleaver (level 9, -1/96 HPs)
             Began as an Oni Reaver on Jan 16, 2024.
             Was an Initiate of Ashenzari.
             Slain by a gnoll
             ... wielding a +0 whip
             ... led by a gnoll sergeant
              (4 damage)
             ... on level 9 of the Dungeon.
             The game lasted 00:24:49 (9767 turns).

Strat the Cleaver (Oni Reaver)                      Turns: 9767, Time: 00:24:50

Health: -1/96      AC:  5    Str: 26    XL:     9   Next: 62%
Magic:  0/18       EV:  9    Int: 14    God:    Ashenzari [......]
Gold:   1009       SH:  0    Dex:  7    Spells: 10/20 levels left

rFire   . . .        a - +0 war axe (spect)
rCold   . . .        (no shield)
rNeg    . . .        z - +1 robe of the Sibylline Malaise {Str+4, Cun, Self} (curse)
rPois   +            (helmet restricted)
rElec   .            g - +0 cloak {Stlth+}
rCorr   .            (gloves unavailable)
SInv    .            (boots unavailable)
Will    +....        n - amulet of guardian spirit
Stlth   ++           C - ring of poison resistance
HPRegen 0.36/turn    B - ring of willpower
MPRegen 0.16/turn

%: guardian spirit
@: lethally poisoned (-1 -> -8), slowed, very slow
A: large, unfitting armour, horns 1, tough skin 1, double potion healing,
drunken brawling
a: Renounce Religion, Curse Item, Shatter the Chains


You were on level 9 of the Dungeon.
You worshipped Ashenzari.
Ashenzari was noncommittal.
You visited 2 branches of the dungeon, and saw 10 of its levels.
You also visited: Sewer.

You collected 1158 gold pieces.
You spent 149 gold pieces at shops.

Inventory:

Hand Weapons
 a - a +0 spectral war axe (weapon)
 b - a +4 heavy war axe
 x - a +4 morningstar of freezing
 y - a +4 battleaxe
 F - a +0 broad axe
Missiles
 k - 11 boomerangs
 m - 47 poisoned darts
 u - 2 throwing nets
Armour
 g - a +0 cloak of stealth (worn)
 j - a +0 kite shield
 z - the cursed +1 robe of the Sibylline Malaise (worn) {Str+4, Cun, Self}
   (You found it on level 7 of the Dungeon)

   Str+4:     It affects your strength (+4).
   It has a curse which improves the following skills: Cunning: Dodging and
   Stealth.
   Introspection: Fighting and Spellcasting.
Jewellery
 n - an amulet of guardian spirit (around neck)
 q - an amulet of magic regeneration
 B - a ring of willpower (right hand)
 C - a ring of poison resistance (left hand)
 D - an amulet of regeneration
Talismans
 G - a maw talisman
Wands
 s - a wand of roots (5)
 A - a wand of paralysis (9)
 E - a wand of digging (9)
Scrolls
 v - 3 scrolls of teleportation
Potions
 c - 3 potions of lignification
 d - 2 potions of enlightenment
 e - a potion of attraction {unknown}
 f - 2 potions of resistance
 h - a potion of berserk rage {unknown}
 i - 3 potions of brilliance
 l - a potion of mutation {unknown}
 o - a potion of curing
 p - 2 potions of heal wounds {unknown}
 r - 2 potions of might {unknown}
 t - 3 potions of haste {unknown}
 w - a potion of magic {unknown}


   Skills:
 + Level 7.8(8.2) Fighting
 * Level 9.8 Axes
 - Level 1.7(2.1) Dodging
 + Level 5.7(6.1) Spellcasting
 - Level 4.0 Conjurations
 - Level 2.0 Hexes
 - Level 2.0 Translocations


You had 10 spell levels left.
You knew the following spells:

 Your Spells              Type           Power      Damage    Failure   Level
a - Kiss of Death         Conj/Necr      36%        2d8       7%          1
b - Momentum Strike       Conj/Tloc      24%        3d8       7%          2
c - Searing Ray           Conj           30%        2d5       4%          2
d - Jinxbite              Hex            18%        N/A       11%         2
e - Confusing Touch       Hex            9%         N/A       21%         3

Your spell library contained the following spells:

 Spells                   Type           Power      Damage    Failure   Level
 Magic Dart               Conj           60%        1d6       3%          1
 Slow                     Hex            36%        N/A       7%          1
 Freeze                   Ice            16%        1d4       16%         1
 Ensorcelled Hibernation  Hex/Ice        14%        N/A       16%         2
 Hailstorm                Conj/Ice       9%         3d6       21%         3
 Sigil of Binding         Hex            9%         N/A       21%         3
 Frozen Ramparts          Ice            8%         1d2       43%         3
 Fugue of the Fallen      Necr           4%         N/A       43%         3
 Passwall                 Erth           4%         N/A       43%         3
 Swiftness                Air            4%         N/A       43%         3
 Vampiric Draining        Necr           4%         2d6       43%         3
 Fulminant Prism          Conj/Alch      4%         3d5       56%         4
 Anguish                  Hex/Necr       3%         N/A       71%         4
 Vhi's Electric Charge    Tloc/Air       14%        N/A       71%         4
 Arcjolt                  Conj/Air       4%         1d14      88%         5
 Yara's Violent Unravell  Hex/Alch       3%         3d4       96%         5
 Enfeeble                 Hex            4%         N/A       100%        7
 Maxwell's Capacitive Co  Air            2%         ∞         100%        8


Dungeon Overview and Level Annotations

Branches:
Dungeon (9/15)             Temple (1/1) D:5           Sewer (visited)
   Lair: D:8-11         Orc: D:9-12

Altars:
Ashenzari
Dithmenos
Elyvilon
Fedhas
Kikubaaqudgha
Makhleb
Nemelex Xobeh
Qazlal
Ru
Sif Muna
Trog
Uskayaw
Vehumet
Xom
Zin
The Shining One

Shops:
D:4 [   D:5 (

Annotations:
D:3 Sigmund
D:6 2 runed translucent doors, jondo1214's ghost, novice HOFi
D:8 Psyche


Innate Abilities, Weirdness & Mutations

You are too large for most types of armour.
You have a pair of small horns on your head.
You have tough skin. (AC +1)
You gain doubled healing and magic from potions.
Whenever you drink a healing potion, you attack all around you.


Message History

Aiming: Kiss of Death (safe; 7% risk of failure)
Press: ? - help, Q - select action, (/) - cycle Shift-Dir - straight line, f - hornet
Aim: a hornet (moderately wounded, 100% to hit)
Okay, then.
As you read the scroll of teleportation, it crumbles to dust.
You feel strangely unstable.
Your +0 spectral war axe disappears.
The hornet closely misses you. The hornet stings you!
* * * LOW HITPOINT WARNING * * *
You are poisoned.
You closely miss the hornet.
You headbutt the hornet, but do no damage.
The hornet is moderately wounded.
Your +0 spectral war axe closely misses the hornet.
You feel very sick.
The hornet stings you but does no damage.
The hornet stings you!
* * * LOW HITPOINT WARNING * * *
You are more poisoned.
You feel as though you will be slow longer.
The hornet stings you.
* * * LOW HITPOINT WARNING * * *
Your +0 spectral war axe disappears.
You feel very sick. The hornet attacks as it pursues you!
The hornet stings you.
* * * LOW HITPOINT WARNING * * *
The hornet closely misses you.
Your surroundings suddenly seem different. 5 gnolls, an orc warrior, 2 orc wizards and an orc priest come into view.
A gnoll sergeant is wielding a +1 trident of protection.
An orc wizard is wielding a +0 dagger and wearing a +2 robe of willpower.
An orc wizard is wielding a +2 dagger of holy wrath.
Found a stone staircase leading up.
You feel very sick.
The gnoll sergeant shouts!
The orc priest shouts!
The orc warrior shouts!
The orc wizard shouts!
The gnoll shouts!
The gnoll sergeant hits you from afar with a +1 trident of protection!
* * * LOW HITPOINT WARNING * * *
The gnoll hits you with a +0 whip.
* * * LOW HITPOINT WARNING * * *
The gnoll hits you with a +0 whip.
You die...

........ #
.......#. #.
##.......#
...###.........
..........o....
...g.g.g.oo....
.......o.......
#...g@.......
......g....<..#
.#..##...#...##
... ##### ..# .
.# .. #


You could see an orc warrior, a gnoll sergeant, an orc priest, 2 orc wizards and
4 gnolls.

Vanquished Creatures
  A steam dragon (D:8)
  2 water moccasins
  Pargi (Sewer)
  An orc warrior (D:8)
  An ice beast (D:6)
  A black bear (D:6)
  2 phantoms
  4 kobold brigands
  3 bullfrogs
  2 scorpions
  4 wights
  A howler monkey (D:5)
  6 orc priests
  4 bombardier beetles
  2 hounds (D:4)
  3 jellies
  Crazy Yiuf (D:7)
  A gnoll bouda (D:7)
  A sleepcap (D:5)
  3 iguanas (D:5)
  4 orc wizards
  8 adders
  6 gnolls
  2 white imps
  3 ribbon worms
  6 dart slugs
  21 orcs
  6 ball pythons
  8 endoplasms
  5 giant cockroaches
  5 hobgoblins
  3 jackals (D:1)
  3 quokkas
  5 bats
  4 frilled lizards
  7 goblins
  17 kobolds
  8 rats
165 creatures vanquished.

Vanquished Creatures (collateral kills)
  A kobold (Sewer)
1 creature vanquished.

Grand Total: 166 creatures vanquished

Notes
Turn   | Place    | Note
-------+----------+-------------------------------------------
     0 | D:1      | Strat the Oni Reaver began the quest for the Orb.
     0 | D:1      | Reached XP level 1. HP: 22/22 MP: 3/3
   105 | D:1      | Reached XP level 2. HP: 31/31 MP: 5/5
   116 | D:1      | Learned a level 2 spell: Momentum Strike
   319 | D:1      | Reached XP level 3. HP: 19/33 MP: 4/6
   831 | D:2      | Found a faded altar of an unknown god.
  1007 | D:2      | Reached XP level 4. HP: 40/43 MP: 7/7
  1236 | D:2      | Reached skill level 4 in Axes
  1993 | D:3      | Reached skill level 1 in Translocations
  1993 | D:3      | Reached XP level 5. HP: 54/54 MP: 8/8
  2066 | D:3      | Noticed Sigmund
  2979 | D:3      | Learned a level 2 spell: Searing Ray
  2989 | D:3      | Reached XP level 6. HP: 40/62 MP: 0/10
  3091 | D:3      | Reached skill level 5 in Axes
  3095 | D:3      | HP: 1/62 [orc/+4 heavy war axe (21)]
  3759 | D:4      | Reached XP level 7. HP: 28/70 MP: 1/12
  4244 | D:4      | Found Ostrud's Armour Boutique.
  4266 | D:4      | Bought a +0 cloak of stealth for 149 gold pieces
  4464 | D:4      | Reached skill level 6 in Axes
  4670 | D:5      | Entered Level 5 of the Dungeon
  4854 | D:5      | Found a broken altar of Ashenzari.
  5026 | D:5      | Found Pebleag's Weapon Emporium.
  5042 | D:5      | Found a staircase to the Ecumenical Temple.
  5060 | Temple   | Entered the Ecumenical Temple
  5145 | D:5      | Became a worshipper of Ashenzari the Shackled
  5207 | D:5      | Found a glowing drain.
  5211 | Sewer    | Entered a sewer
  5404 | Sewer    | Reached skill level 7 in Axes
  5404 | Sewer    | Reached XP level 8. HP: 58/79 MP: 11/14
  5413 | Sewer    | Noticed Pargi
  5426 | Sewer    | Killed Pargi
  5645 | D:5      | Reached skill level 5 in Fighting
  5940 | D:5      | Found the +7 captain's cutlass {speed, disarm}
  6040 | D:5      | Reached skill level 5 in Spellcasting
  6219 | D:5      | Identified a scroll of acquirement
  6219 | D:5      | Acquired 869 gold pieces
  6388 | D:6      | Found a large runed translucent door.
  6388 | D:6      | Found a large runed translucent door.
  6391 | D:6      | Noticed jondo1214's ghost (novice HOFi)
  6444 | D:6      | Reached skill level 8 in Axes
  7367 | D:6      | Reached XP level 9. HP: 92/92 MP: 13/16
  7614 | D:6      | Reached skill level 9 in Axes
  7617 | D:6      | Learned a level 2 spell: Jinxbite
  7842 | D:7      | Found a sacrificial altar of Ru.
  7854 | D:7      | Found a burning altar of Makhleb.
  7859 | D:7      | Identified the +5 whip of the Poles {freeze, Str+3}
  7859 | D:7      | Identified the +1 robe of Chimes {Str+4}
  8013 | D:7      | Found a runed translucent door.
  8014 | D:7      | Noticed Crazy Yiuf
  8021 | D:7      | Killed Crazy Yiuf
  8162 | D:7      | Found a hide-covered altar of Uskayaw.
  8240 | D:7      | Found a sparkling altar of Nemelex Xobeh.
  8723 | D:7      | Reached skill level 1 in Hexes
  9069 | D:8      | Noticed Psyche
  9382 | D:8      | Identified the +3 spear of Resourcefulness {heavy, Int-4
                  | Dex+4}
  9479 | D:8      | Identified the serpent talisman "Urycunoe" {Will- Slay+6
                  | Stlth+}
  9609 | D:8      | Learned a level 3 spell: Confusing Touch
  9751 | D:9      | Noticed a hornet
  9767 | D:9      | HP: 3/96 [gnoll/+0 whip[a gnoll sergeant] (2)]
  9767 | D:9      | Slain by a gnoll

Illustrated notes

Levels and vault maps discovered:
D:1:      minmay_arrival_five_plusses, layout_rooms
D:2:      layout_basic, shapermc_ecumenical_altar_mp_urbaneastern,
          dreamdust_princess_corridor, minmay_misc_feat_encased,
          corexii_leaking_fountain
D:3:      layout_loops_ring, kennysheep_nub, grunt_decor_clamped,
          minmay_misc_feat_alley, kennysheep_generic_room_7, uniq_sigmund
D:4:      layout_rooms, serial_shops, shop, corexii_corridor_pit, st_stairs_12,
          grunt_ministairs_9
D:5:      layout_gridville, old_standard_altar, minmay_temple_entry_large_hall,
          serial_shops, nicolae_shop_bloodbath_and_beyond,
          mainiacjoe_sewer_entry_somewhere_in_here_2, fountainhead
D:6:      layout_loops_ring, ebering_ghost_disaster_area,
          minmay_tree_intersection
D:7:      layout_layer_cave, nicolae_ru_sacrificial_ziggurat, bloody_makhleb,
          mainiacjoe_overflow_24_doors, mainiacjoe_overflow_catwalk,
          eino_tiny_chamber, nicolae_houndstooth_variations,
          uniq_crazy_yiuf_cottage
D:8:      layout_rooms, uniq_psyche
D:9:      layout_rooms, chequers_temple_overflow_minitemple,
          overflow_temple_1_default, yredelemnul_altar_generic,
          hangedman_abyss_or_decor_lesser_grid
Temple:   jpeg_temple_clearing

Skill      XL: |  1  2  3  4  5  6  7  8  9 |
---------------+----------------------------+-----
Fighting       | 3 4 6 7 |  7.8
Conjurations   | 3 4 |  4.0
Axes           | 4 5 7 8 9 |  9.8
Translocations | 1 2 |  2.0
Spellcasting   | 3 4 5 |  5.7
Hexes          | 2 |  2.0
Dodging        | |  1.7

Action                     |  1- 3 |  4- 6 |  7- 9 || total
---------------------------+-------+-------+-------++-------
  Melee: Hand axe          |   113 |    92 |       ||   205
         Headbutt          |    13 |    23 |    37 ||    73
         Punch             |     1 |     1 |     5 ||     7
         War axe           |       |    34 |   225 ||   259
   Cast: Kiss of Death     |     1 |       |     1 ||     2
         Momentum Strike   |       |     4 |     9 ||    13
         Searing Ray       |       |     7 |     2 ||     9
         Confusing Touch   |       |       |     1 ||     1
 Invoke: Curse Item        |       |       |     1 ||     1
  Evoke: Wand              |       |       |     1 ||     1
    Use: Potion            |       |     1 |     1 ||     2
         Scroll            |       |       |    16 ||    16
   Stab: Sleeping          |       |       |     7 ||     7
 Armour: Robe              |    71 |   103 |   169 ||   343
         Skin              |       |     3 |     4 ||     7
  Dodge: Dodged            |    74 |    62 |   102 ||   238
